 Dungeon Crawl Stone Soup version 0.23.2-40-g277498a (webtiles) character file.

Game seed: 11619597528047896571

88 Fang the Skirmisher (level 4, -1/29 HPs)
             Began as a Gargoyle Berserker on Oct 23, 2019.
             Was a Believer of Trog.
             Slain by a quokka (2 damage)
             ... on level 3 of the Dungeon.
             The game lasted 00:02:36 (1990 turns).

Fang the Skirmisher (Gargoyle Berserker)            Turns: 1990, Time: 00:02:36

Health: -1/29      AC:  5    Str: 21    XL:     4   Next: 54%
Magic:  4/4        EV: 11    Int:  8    God:    Trog [**....]
Gold:   55         SH:  0    Dex:  9    Spells: 3/3 levels left

rFire    . . .     SeeInvis .   a - +0 hand axe
rCold    . . .     Gourm    .   (no shield)
rNeg     + . .     Faith    .   b - +0 animal skin
rPois    ∞         Spirit   .   (no helmet)
rElec    +         Reflect  .   (no cloak)
rCorr    .         Harm     .   (no gloves)
MR       .....                  (no boots)
Stlth    +.........             (no amulet)
HPRegen  0.09/turn              (no ring)
MPRegen  0.09/turn              (no ring)

@: berserk cooldown, slowed, heavily drained, very slow
A: negative energy resistance 1, electricity resistance, unbreathing,
petrification resistance, rot immunity, AC +3
a: Berserk, Trog's Hand, Renounce Religion


You were on level 3 of the Dungeon.
You worshipped Trog.
Trog was pleased with you.
You were near starving.

You visited 1 branch of the dungeon, and saw 3 of its levels.

You collected 55 gold pieces.

Inventory:

Hand Weapons
 a - a +0 hand axe (weapon)
Armour
 b - a +0 animal skin (worn)
Scrolls
 d - a scroll of amnesia {unknown}
 e - a scroll of enchant weapon {unknown}
 f - 3 scrolls of identify {unknown}
 h - a scroll of teleportation {unknown}
Potions
 g - a potion of magic {unknown}
 i - a potion of might {unknown}
 k - 2 potions of curing {unknown}
Comestibles
 c - 3 rations


   Skills:
 + Level 4.0(2.6) Fighting
 + Level 3.3(1.9) Axes
 + Level 3.1(1.8) Armour
 + Level 2.3(1.0) Dodging


You had 3 spell levels left.
You didn't know any spells.
Your spell library was empty.

Dungeon Overview and Level Annotations

Branches:
Dungeon (3/15)

Altars:
Nemelex Xobeh


Innate Abilities, Weirdness & Mutations

You are resistant to torment.
Your stone body is resilient. (AC +3)
You are immune to poison.
You resist negative energy. (rN+)
You are resistant to electric shocks. (rElec)
You can survive without breathing.
You are immune to petrification.
You are immune to rotting.


Message History

You closely miss the quokka.
The quokka is heavily wounded.
The quokka barely misses you.
The quokka bites you but does no damage.
You closely miss the quokka.
The quokka is heavily wounded.
The quokka barely misses you. The quokka closely misses you.
You barely miss the quokka.
The quokka is heavily wounded.
The quokka closely misses you.
The quokka bites you but does no damage.
You hit the quokka.
The quokka is severely wounded.
The quokka bites you.
* * * LOW HITPOINT WARNING * * *
The quokka bites you but does no damage.
You closely miss the quokka.
The quokka is severely wounded.
The quokka bites you.
You die...

.#.. .# ..#.#.#
...#.. ##.#.###
####### #......#
#...<.# #....# ###
#.....###....#....
#...............<.
#.....###.@r......
#.....##........##
########.###.##%#
#. .# # #. .# #% .
## #


You could see a quokka.

Vanquished Creatures
  5 adders (D:2)
  A worm (D:3)
  2 dart slugs (D:1)
  2 giant cockroaches (D:1)
  7 goblins
  4 hobgoblins (D:1)
  2 jackals (D:2)
  A ball python (D:2)
  4 bats
  4 frilled lizards
  4 kobolds
  A rat (D:1)
37 creatures vanquished.

Notes
Turn   | Place    | Note
-------+----------+-------------------------------------------
     0 | D:1      | Fang the Gargoyle Berserker began the quest for the Orb.
     0 | D:1      | Reached XP level 1. HP: 14/14 MP: 1/1
   241 | D:1      | Reached XP level 2. HP: 17/19 MP: 2/2
   665 | D:1      | Reached XP level 3. HP: 20/23 MP: 3/3
   984 | D:2      | Found a sparkling altar of Nemelex Xobeh.
  1272 | D:2      | Reached ** piety under Trog
  1272 | D:2      | Reached XP level 4. HP: 24/29 MP: 4/4
  1509 | D:2      | Reached skill level 4 in Fighting
  1989 | D:3      | HP: 1/29 [quokka (4)]
  1990 | D:3      | Slain by a quokka

Skill      XL: |  1  2  3  4 |
---------------+-------------+-----
Axes           | 3 |  3.3
Dodging        | 2 |  2.3
Armour         | 3 |  3.1
Fighting       | 4 |  4.0

Action                   |  1- 3 |  4- 6 || total
-------------------------+-------+-------++-------
Melee: Hand axe          |   117 |    67 ||   184
Invok: Berserk           |       |     1 ||     1
  Eat: Chunk             |     1 |     2 ||     3
Armor: Animal skin       |    44 |    35 ||    79
Dodge: Dodged            |    90 |    53 ||   143
